 Dungeon Sprint DCSS version 0.23-a0-890-gc183402 (webtiles) character file.

521370 emperorscorpion the Conqueror (level 21, 0/282 (306) HPs)
             Began as a Demonspawn Berserker on Jan 21, 2019.
             Was the Champion of Trog.
             Succumbed to Gloorx Vloq's dark miasma
             ... in the Dungeon (Sprint IX: "|||||||||||||||||||||||||||||") on Jan 28, 2019.
             The game lasted 01:01:45 (9706 turns).

emperorscorpion the Conqueror (DsBe)                Turns: 9706, Time: 01:01:45

HP:   0/282 (306)   AC: 46    Str: 32    XL:     21   Next: 47%
MP:   0/38          EV: 29    Int:  8    God:    Trog [******]
Gold: 82            SH:  0    Dex: 19    Spells: 20/20 levels left

rFire    + + .     SeeInvis .   D - +7 bardiche (venom)
rCold    + + .     Gourm    .   (shield currently unavailable)
rNeg     . . .     Faith    .   n - +10 gold dragon scales
rPois    +         Spirit   +   j - +1 helmet
rElec    .         Reflect  .   q - +2 cloak {+Inv}
rCorr    .         Harm     .   (gloves unavailable)
MR       +++..     NoTele   +   r - +0 pair of boots {Stlth+}
Stlth    ..........             K - amulet "Fiebran" {Spirit +Blink Dex+6 Stlth+}
HPRegen  1.00/turn              Q - ring of protection from cold
MPRegen  0.26/turn              w - ring "Reiqouf" {Str+4 Int-3} (curse)

@: berserking (expiring), lethally poisoned (0 -> -3), recuperating, mildly
diseased, slowed, repel missiles
A: claws 3, repulsion field 3, blurry vision 1, demonic guardian 2, fire
resistance 1, nightstalker 3, weak 1
}: 9/17 runes: decaying, serpentine, barnacled, slimy, elven, silver, golden,
abyssal, gossamer
a: Berserk, Trog's Hand, Brothers in Arms, Renounce Religion, Evoke Blink, Evoke
Invisibility


You were in the Dungeon.
You worshipped Trog.
Trog was exalted by your worship.
You were not hungry.

You visited 1 branch You collected 1962 gold pieces.
You spent 1880 gold pieces at shops.

Inventory:

Hand Weapons
 a - the +7 glaive "Link" {flame, Str-2 Int+7 Stlth+}
   (Trog gifted it to you in the Dungeon)

   It has been specially enchanted to burn those struck by it, causing extra
   injury to most foes and up to half again as much damage against particularly
   susceptible opponents.
   Big, fiery blades are also staple armaments of hydra-hunters.
   It affects your strength (-2).
   It affects your intelligence (+7).
   It makes you more stealthy.
 D - a +7 bardiche of venom (weapon)
 L - the +9 halberd of Supply {chop, rPois rF+++ MR-}
   (Trog gifted it to you in the Dungeon)

   It inflicts extra damage upon your enemies.
   It renders you almost immune to fire.
   It protects you from poison.
   It affects your resistance to hostile enchantments.
 V - the +11 glaive of Raneiff {vamp, Int+5}
   (Trog gifted it to you in the Dungeon)

   It inflicts no extra harm, but heals its wielder when it wounds a living foe.
   It affects your intelligence (+5).
 W - a +8 demon trident of venom
Missiles
 s - 3 steel javelins
 B - 6 exploding tomahawks
 C - 61 javelins of returning
 E - 32 javelins of penetration (quivered)
 G - a throwing net
 I - 4 tomahawks of dispersal
Armour
 j - a +1 helmet (worn)
 n - +10 gold dragon scales (worn)
 o - the +3 plate armour of Vexation {rPois rF++ Str+3 Stlth-}
   (You found it in the Dungeon)

   It affects your strength (+3).
   It greatly protects you from fire.
   It protects you from poison.
   It makes you less stealthy.
 p - a +3 large shield
 q - a +2 cloak of invisibility (worn)
 r - a +0 pair of boots of stealth (worn)
 T - +0 storm dragon scales
Jewellery
 b - the ring "Jaennuisk" {Fire +Inv rPois SInv}
   (You found it in the Dungeon)

   [ring of fire]

   It enhances your fire magic.
   It protects you from fire.
   It makes you vulnerable to cold.
   It protects you from poison.
   It lets you see invisible.
   It lets you turn invisible.
 t - the ring of Butewk {Ice rN+}
   (You found it in the Dungeon)

   [ring of ice]

   It enhances your ice magic.
   It makes you vulnerable to fire.
   It protects you from cold.
   It protects you from negative energy.
 w - the cursed ring "Reiqouf" (right claw) {Str+4 Int-3}
   (You found it in the Dungeon)

   [ring of intelligence]

   It affects your strength (+4).
   It affects your intelligence (-3).
   It has a curse placed upon it.
 K - the amulet "Fiebran" (around neck) {Spirit +Blink Dex+6 Stlth+}
   (You found it in the Dungeon)

   [amulet of guardian spirit]

   It causes incoming damage to be split between your health and magic.
   It affects your dexterity (+6).
   It lets you blink.
   It makes you more stealthy.
 P - a +6 ring of dexterity
 Q - a ring of protection from cold (left claw)
 R - an uncursed ring of protection from fire
 S - a +3 ring of intelligence
 X - an uncursed amulet of regeneration
 Y - the ring "Zich" {Fire rElec rN+ Dex+2}
   (You found it in the Dungeon)

   [ring of fire]

   It enhances your fire magic.
   It affects your dexterity (+2).
   It protects you from fire.
   It makes you vulnerable to cold.
   It insulates you from electricity.
   It protects you from negative energy.
Wands
 m - a wand of acid (4)
 H - a wand of polymorph (11)
Scrolls
 i - 6 scrolls of blinking
 l - 8 scrolls of remove curse
 y - 4 scrolls of fog
 z - 10 scrolls of enchant weapon
 U - 2 scrolls of fear
 Z - a scroll of identify
Potions
 d - a potion of invisibility
 e - 17 potions of heal wounds
 f - 4 potions of mutation
 g - 4 potions of magic
 h - 2 potions of berserk rage
 k - 7 potions of curing
 u - 3 potions of brilliance
 v - 4 potions of agility
 x - 2 potions of might
 F - a potion of flight
 J - 7 potions of haste
Miscellaneous
 A - a lightning rod (4/4)
 M - a lamp of fire
 N - a box of beasts
 O - a sack of spiders
Comestibles
 c - 5 rations


   Skills:
 O Level 27 Fighting
 O Level 27 Polearms
 + Level 21.6 Throwing
 O Level 27 Armour
 + Level 25.0 Dodging
 O Level 27 Stealth
 O Level 27 Shields
 O Level 27 Evocations


You had 20 spell levels left.
You didn't know any spells.
Your spell library was empty.

Dungeon Overview and Level Annotations

Branches:
Dungeon (1/1)

Altars:
Cheibriados
Dithmenos
Elyvilon
Fedhas
Gozag
Hepliaklqana
Kikubaaqudgha
Makhleb
Nemelex Xobeh
Okawaru
Qazlal
Ru
Sif Muna
Trog
Uskayaw
Vehumet
Wu Jian
Xom
Yredelemnul
Zin
The Shining One
Beogh
Jiyva
Lugonu

Shops:
D }(*?

Annotations:
D Gloorx Vloq


Innate Abilities, Weirdness & Mutations

You have claws for hands.
You are surrounded by a strong repulsion field. (EV +4, RMsl)
A demonic guardian rushes to your aid.
Your flesh is heat resistant. (rF+)
You are completely attuned to the shadows.
Scrolls take you a little longer to read.
You are weak. (Str -2)


Message History

The Executioner hits you but does no damage.
Attack whom?
Press: ? - help, Dir - move target cursor, f/p - Gloorx Vloq
Aim: Gloorx Vloq (heavily wounded, fast, poisoned)
You reach to attack!
You closely miss Gloorx Vloq.
Gloorx Vloq is heavily wounded.
You feel sick. The Executioner completely misses you.
The Executioner closely misses you. The Executioner misses you.
The Executioner gestures.
The Executioner seems to speed up.
The Executioner hits you!
* * * LOW HITPOINT WARNING * * *
The Executioner hits you but does no damage. x2
Gloorx Vloq calls on the powers of darkness!
You feel a surge of unholy energy.
Attack whom?
Press: ? - help, Dir - move target cursor, f/p - Gloorx Vloq
Aim: Gloorx Vloq (heavily wounded, fast, poisoned)
You reach to attack!
You slash Gloorx Vloq!
Gloorx Vloq is heavily wounded.
You die...

*,▓.▓.▓.▓.▓.▓.▓.▓)
*,▓.▓(▓.▓.▓.▓.▓.▓.
*,▓.▓.▓.▓)▓.▓'▓.▓.
*,▓.▓'▓.▓.▓.▓)▓.▓.
▓1▓.▓.▓.▓.▓.▓.▓.▓.
▓1▓.▓.▓.▓.▓.▓.▓.▓.
▓&▓.▓.▓.▓.▓.▓.▓.▓.
▓1▓.▓.▓.▓.▓.▓.▓.▓.
▓@▓.▓(▓.▓.▓.▓.▓.▓[
▓'▓.▓.▓.▓.▓.▓.▓.▓'
▓.▓.▓.▓.▓'▓.▓.▓.▓[
▓.▓.▓.▓.▓)▓.▓.▓.▓.
▓.▓.▓.▓.▓.▓.▓.▓.▓)
▓.▓.▓'▓.▓.▓.▓.▓.▓.
▓.▓.▓.▓.▓.▓.▓.▓.▓.
▓.▓.▓.▓.▓.▓.▓.▓.▓.
▓.▓.▓.▓.▓.▓.▓)▓.▓)


You could see Gloorx Vloq and 3 Executioners.

Vanquished Creatures
  the Royal Jelly (D)
  Mnoleg (D)
  2 ancient liches (D)
  Mara (D)
  3 orbs of fire (D)
  6 greater mummies (D)
  Boris (D)
  Frederick (D)
  Saint Roka (D)
  A Killer Klown (D)
  Geryon (D)
  Nikola (D)
  5 golden dragons (D)
  Jory (D)
  5 electric golems (D)
  5 tentacled monstrosities (D)
  4 liches (D)
  26 Orb Guardians (D)
  Rupert (D)
  8 acid blobs (D)
  3 deep elf blademasters (D)
  3 deep elf master archers (D)
  13 sphinxes (D)
  A death cob (D)
  8 shadow dragons (D)
  Ilsuiw (D)
  3 azure jellies (D)
  4 storm dragons (D)
  3 draconian monks (D)
  5 nagarajas (D)
  4 fire giants (D)
  2 draconian knights (D)
  2 frost giants (D)
  7 vault wardens (D)
  2 draconian scorchers (D)
  2 ghost moths (D)
  Louise (D)
  10 emperor scorpions (D)
  2 draconian shifters (D)
  A draconian stormcaller (D)
  5 stone giants (D)
  A very ugly thing (D)
  2 ironheart preservers (D)
  7 vampire knights (D)
  3 green draconians (D)
  Nessos (D)
  3 black draconians (D)
  3 deep elf annihilators (D)
  3 deep elf demonologists (D)
  A purple draconian (D)
  3 white draconians (D)
  2 yellow draconians (D)
  3 red draconians (D)
  A spark wasp (D)
  3 ettins (D)
  6 merfolk javelineers (D)
  14 death oozes (D)
  4 mummy priests (D)
  2 deep elf death magi (D)
  3 fire dragons (D)
  3 yaktaur captains (D)
  2 merfolk impalers (D)
  25 vault guards (D)
  2 naga warriors (D)
  A rakshasa (D)
  8 ice dragons (D)
  11 hydras (D)
  A centaur warrior (D)
  A spriggan air mage (D)
  A death knight (D)
  3 merfolk aquamancers (D)
  An alligator (D)
  2 ogre magi (D)
  A tengu warrior (D)
  2 deep troll earth magi (D)
  A vampire mage (D)
  A spriggan berserker (D)
  A shadow wraith (D)
  2 wretched stars (D)
  An unseen horror (D)
  A glowing orange brain (D)
  A sea snake (D)
  A naga ritualist (D)
  6 swamp dragons (D)
  5 ironbrand convokers (D)
  A mana viper (shapeshifter) (D)
  A necromancer (D)
  3 wolf spiders (D)
  6 orc sorcerers (D)
  A cyclops (D)
  A manticore (D)
  9 moths of wrath (D)
  A worldbinder (D)
  2 large abominations (D)
  7 black mambas (D)
  3 guardian serpents (D)
  A vault sentinel (D)
  An elephant (D)
  2 spiny frogs (D)
  A spiny frog (shapeshifter) (D)
  4 yaktaurs (D)
  3 komodo dragons (D)
  18 guardian mummies (D)
  2 freezing wraiths (D)
  3 demonic crawlers (D)
  A wandering mushroom (D)
  2 trolls (D)
  A tengu conjurer (D)
  A jumping spider (D)
  2 tyrant leeches (D)
  A wind drake (D)
  4 merfolk (D)
  A raiju (shapeshifter) (D)
  2 bog bodies (D)
  3 hippogriffs (D)
  11 spriggans (D)
  2 tarantellas (D)
  A ynoxinul (D)
  A basilisk (D)
  2 yaks (D)
  2 golden eyes (D)
  A hog (shapeshifter) (D)
  A vampire mosquito (D)
  An acid dragon (shapeshifter) (D)
  3 water moccasins (D)
  An acid dragon (D)
  A small abomination (D)
  A floating eye (shapeshifter) (D)
  2 porcupines (D)
  A hell hound (D)
  A swamp drake (D)
  An eye of draining (D)
  A sky beast (D)
  9 orc warriors (D)
  A phantom (D)
  An ogre (D)
  A wolf (D)
  2 crocodiles (D)
  2 bullfrogs (D)
  A wight (D)
  A crimson imp (D)
  2 hounds (D)
  A jelly (D)
  An orc priest (D)
  2 worker ants (D)
  11 orc wizards (D)
  A shadow imp (D)
  A white imp (D)
  An ufetubus (D)
  An adder zombie (D)
  A dart slug (D)
  13 orcs (D)
  A hobgoblin (D)
  A kobold (D)
  2 bats (D)
485 creatures vanquished.

Vanquished Creatures (collateral kills)
  Mennas (D)
  A caustic shrike (D)
  An acid blob (D)
  2 shadow dragons (D)
  A nagaraja (D)
  A frost giant (D)
  A draconian annihilator (D)
  An entropy weaver (D)
  A naga warrior (D)
  A merfolk avatar (D)
  A hell knight (D)
  A harpy (D)
  An ironbrand convoker (D)
  An ugly thing (D)
  2 orc sorcerers (D)
  A wolf spider (D)
  A guardian serpent (D)
  A yaktaur (D)
  4 wargs (D)
  An orc warrior (D)
  2 wolves (D)
  A jelly (D)
  An orc wizard (D)
29 creatures vanquished.

Vanquished Creatures (others)
  A merfolk aquamancer (D)
  An unseen horror (D)
  A guardian serpent (D)
3 creatures vanquished.

Grand Total: 517 creatures vanquished

Notes
Turn   | Place    | Note
-------+----------+-------------------------------------------
     0 | D        | emperorscorpion the Demonspawn Berserker began the quest
                  | for the Orb.
     0 | D        | Reached XP level 1. HP: 18/18 MP: 1/1
     8 | D        | Reached ** piety under Trog
    51 | D        | Noticed a worker ant
    51 | D        | Noticed a sky beast
    51 | D        | Noticed a worker ant
    51 | D        | Noticed a hound
    63 | D        | Killed a hound
    63 | D        | Gained mutation: You have sharp fingernails. [demonic
                  | ancestry]
    63 | D        | Reached XP level 2. HP: 26/26 MP: 2/2
    63 | D        | Gained mutation: You are slightly more attuned to the
                  | shadows. [demonic ancestry]
    63 | D        | Reached XP level 3. HP: 32/32 MP: 3/3
    68 | D        | Reached *** piety under Trog
    68 | D        | Reached skill level 5 in Fighting
    68 | D        | Reached skill level 5 in Polearms
    74 | D        | Killed a sky beast
    74 | D        | Gained mutation: A weak demonic guardian rushes to your
                  | aid. [demonic ancestry]
    74 | D        | Reached XP level 4. HP: 35/41 MP: 4/4
    74 | D        | Gained mutation: You are surrounded by a mild repulsion
                  | field. (EV +2) [demonic ancestry]
    74 | D        | Reached XP level 5. HP: 40/47 MP: 5/5
   103 | D        | Found a roughly hewn altar of Beogh.
   103 | D        | Found a snail-covered altar of Cheibriados.
   103 | D        | Found a shadowy altar of Dithmenos.
   103 | D        | Found a white marble altar of Elyvilon.
   103 | D        | Found a blossoming altar of Fedhas.
   104 | D        | Found an opulent altar of Gozag.
   105 | D        | Found a hazy altar of Hepliaklqana.
   106 | D        | Found a viscous altar of Jiyva.
   107 | D        | Found an ancient bone altar of Kikubaaqudgha.
   108 | D        | Found a corrupted altar of Lugonu.
   109 | D        | Found a burning altar of Makhleb.
   110 | D        | Found a sparkling altar of Nemelex Xobeh.
   111 | D        | Found an iron altar of Okawaru.
   112 | D        | Found a stormy altar of Qazlal.
   113 | D        | Found a sacrificial altar of Ru.
   114 | D        | Found a deep blue altar of Sif Muna.
   115 | D        | Found a bloodstained altar of Trog.
   116 | D        | Found a hide-covered altar of Uskayaw.
   117 | D        | Found a radiant altar of Vehumet.
   119 | D        | Found an ornate altar of the Wu Jian Council.
   120 | D        | Found a shimmering altar of Xom.
   121 | D        | Found a basalt altar of Yredelemnul.
   122 | D        | Found a glowing silver altar of Zin.
   123 | D        | Found a glowing golden altar of the Shining One.
   175 | D        | Noticed a troll
   175 | D        | Noticed an ogre
   184 | D        | Killed an ogre
   184 | D        | Reached XP level 6. HP: 56/56 MP: 6/6
   186 | D        | Reached **** piety under Trog
   189 | D        | Killed a troll
   189 | D        | Reached skill level 10 in Polearms
   189 | D        | Gained mutation: You have very sharp fingernails. [demonic
                  | ancestry]
   189 | D        | Reached XP level 7. HP: 63/63 MP: 7/7
   193 | D        | Reached skill level 5 in Dodging
   228 | D        | Noticed a yak
   228 | D        | Noticed a centaur warrior
   237 | D        | Noticed a yak
   242 | D        | Killed a centaur warrior
   242 | D        | Reached skill level 10 in Fighting
   242 | D        | Reached XP level 8. HP: 72/72 MP: 8/8
   260 | D        | Reached ***** piety under Trog
   372 | D        | Got the cursed ring "Reiqouf" {Str+4 Int-3}
   387 | D        | Noticed a komodo dragon
   392 | D        | Noticed a hippogriff
   394 | D        | Killed a komodo dragon
   394 | D        | Reached skill level 5 in Armour
   394 | D        | Reached skill level 1 in Stealth
   394 | D        | Gained mutation: You have claws for hands. [demonic
                  | ancestry]
   394 | D        | Reached XP level 9. HP: 79/79 MP: 9/9
   402 | D        | Noticed a komodo dragon
   405 | D        | Received a gift from Trog
   413 | D        | Killed a komodo dragon
   413 | D        | Reached skill level 15 in Polearms
   536 | D        | Noticed a five-headed hydra
   536 | D        | Noticed a seven-headed hydra
   536 | D        | Noticed a komodo dragon
   537 | D        | Noticed an elephant
   543 | D        | Noticed a four-headed hydra
   554 | D        | Killed a seven-headed hydra
   554 | D        | Received a gift from Trog
   554 | D        | Killed a five-headed hydra
   554 | D        | Reached skill level 1 in Evocations
   554 | D        | Gained mutation: A demonic guardian rushes to your aid.
                  | [demonic ancestry]
   554 | D        | Reached XP level 10. HP: 89/89 MP: 3/11
   559 | D        | Killed an elephant
   566 | D        | Killed a nine-headed hydra
   568 | D        | Noticed a spiny frog
   581 | D        | Killed a spiny frog
   743 | D        | Reached ****** piety under Trog
   744 | D        | Received a gift from Trog
   898 | D        | Received a gift from Trog
   923 | D        | Received a gift from Trog
   946 | D        | Got a crude glaive {god gift}
   950 | D        | Identified the +7 glaive "Link" {flame, Str-2 Int+7 Stlth+}
                  | (Trog gifted it to you in the Dungeon)
   980 | D        | Noticed an orc sorcerer
   994 | D        | Killed an orc sorcerer
   997 | D        | Received a gift from Trog
  1002 | D        | Gained mutation: You are surrounded by a moderate repulsion
                  | field. (EV +3) [demonic ancestry]
  1002 | D        | Reached XP level 11. HP: 98/98 MP: 11/13
  1038 | D        | Upgraded the game from 0.23-a0-814-g91b4073 to
                  | 0.23-a0-819-g6debee6
  1048 | D        | Got a crude halberd {god gift}
  1058 | D        | Noticed an orc sorcerer
  1058 | D        | Noticed an orc sorcerer
  1061 | D        | Killed an orc sorcerer
  1062 | D        | Found Dove's Magic Scroll Boutique.
  1063 | D        | Received a gift from Trog
  1065 | D        | Found Roove's General Store.
  1072 | D        | Killed an orc sorcerer
  1080 | D        | Received a gift from Trog
  1081 | D        | Noticed an orc sorcerer
  1083 | D        | Found Osoybiets's Weapon Boutique.
  1085 | D        | Killed an orc sorcerer
  1085 | D        | Noticed an orc sorcerer
  1087 | D        | Found Uxapu's Gadget Shop.
  1091 | D        | Killed an orc sorcerer
  1091 | D        | Received a gift from Trog
  1115 | D        | Identified the +9 halberd of Supply {chop, rPois rF+++ MR-}
                  | (Trog gifted it to you in the Dungeon)
  1118 | D        | Bought a scroll of magic mapping for 45 gold pieces
  1119 | D        | Noticed an orc sorcerer
  1122 | D        | Noticed an orc sorcerer
  1124 | D        | Killed an orc sorcerer
  1134 | D        | Killed an orc sorcerer
  1137 | D        | Bought a lightning rod (4/4) for 480 gold pieces
  1137 | D        | Bought a lamp of fire for 480 gold pieces
  1146 | D        | Bought a box of beasts for 240 gold pieces
  1146 | D        | Bought a sack of spiders for 240 gold pieces
  1152 | D        | Bought 3 scrolls of blinking for 247 gold pieces
  1152 | D        | Bought a scroll of enchant armour for 82 gold pieces
  1152 | D        | Bought a scroll of identify for 22 gold pieces
  1152 | D        | Bought a scroll of identify for 22 gold pieces
  1152 | D        | Bought a scroll of identify for 22 gold pieces
  1325 | D        | Received a gift from Trog
  1326 | D        | Noticed a five-headed hydra
  1334 | D        | Noticed an ice dragon
  1339 | D        | Killed an unseen horror
  1342 | D        | Noticed a tengu warrior
  1343 | D        | Noticed a deep troll earth mage
  1346 | D        | Killed a one-headed hydra
  1359 | D        | Killed an ice dragon
  1369 | D        | Killed a tengu warrior
  1369 | D        | Received a gift from Trog
  1373 | D        | Killed a deep troll earth mage
  1373 | D        | Reached skill level 5 in Stealth
  1375 | D        | Got a faintly glowing glaive {god gift}
  1376 | D        | Identified the +11 glaive of Raneiff {vamp, Int+5} (Trog
                  | gifted it to you in the Dungeon)
  1395 | D        | Noticed a green ugly thing
  1396 | D        | Noticed a deep troll earth mage
  1399 | D        | Killed a green ugly thing
  1399 | D        | Reached skill level 15 in Fighting
  1405 | D        | Killed a deep troll earth mage
  1405 | D        | Received a gift from Trog
  1442 | D        | Noticed an orc sorcerer
  1447 | D        | Noticed Saint Roka
  1450 | D        | Killed an orc sorcerer
  1450 | D        | Reached XP level 12. HP: 89/110 MP: 14/14
  1465 | D        | Killed Saint Roka
  1465 | D        | Received a gift from Trog
  1543 | D        | Noticed a merfolk javelineer
  1543 | D        | Noticed a merfolk impaler
  1555 | D        | Killed a merfolk impaler
  1565 | D        | Killed a merfolk javelineer
  1565 | D        | Received a gift from Trog
  1567 | D        | Noticed a merfolk avatar
  1577 | D        | Reached skill level 10 in Armour
  1581 | D        | Killed a merfolk avatar
  1606 | D        | Noticed a naga warrior
  1616 | D        | Killed a naga warrior
  1627 | D        | Received a gift from Trog
  1655 | D        | Noticed a purple very ugly thing
  1656 | D        | Noticed an alligator
  1664 | D        | Killed a purple very ugly thing
  1664 | D        | Reached XP level 13. HP: 124/124 MP: 15/15
  1671 | D        | Received a gift from Trog
  1688 | D        | Received a gift from Trog
  1705 | D        | Noticed an emperor scorpion
  1712 | D        | Killed a ghost moth
  1726 | D        | Killed an emperor scorpion
  1732 | D        | Received a gift from Trog
  1859 | D        | Noticed a stone giant
  1859 | D        | Noticed a fire giant
  1867 | D        | Noticed a fire giant
  1869 | D        | Killed a fire giant
  1875 | D        | Killed a stone giant
  1875 | D        | Received a gift from Trog
  1884 | D        | Noticed a fire giant
  1893 | D        | Killed a fire giant
  1893 | D        | Noticed an ettin
  1894 | D        | Noticed a spark wasp
  1895 | D        | Killed a fire giant
  1895 | D        | Received a gift from Trog
  1903 | D        | Killed an ettin
  1903 | D        | Killed a spark wasp
  1905 | D        | Received a gift from Trog
  1910 | D        | Identified the +5 glaive "Spiderslayer" {chop, Str-2 Dex+5}
                  | (Trog gifted it to you in the Dungeon)
  1927 | D        | Noticed a frost giant
  1928 | D        | Noticed an ettin
  1935 | D        | Killed a frost giant
  1935 | D        | Received a gift from Trog
  1935 | D        | Noticed a stone giant
  1938 | D        | Killed an ettin
  1943 | D        | Killed a stone giant
  1943 | D        | Reached XP level 14. HP: 121/139 MP: 17/17
  1969 | D        | Reached skill level 5 in Evocations
  1971 | D        | Noticed a frost giant
  1979 | D        | Killed a frost giant
  1979 | D        | Received a gift from Trog
  1979 | D        | Reached skill level 1 in Throwing
  1979 | D        | Reached skill level 10 in Dodging
  1993 | D        | Noticed an ironheart preserver
  1993 | D        | Noticed a vault warden
  2001 | D        | Killed an ironheart preserver
  2002 | D        | Received a gift from Trog
  2008 | D        | Killed a vault warden
  2009 | D        | Noticed a vault warden
  2013 | D        | Noticed an entropy weaver
  2026 | D        | Noticed a vault warden
  2028 | D        | Killed a vault warden
  2028 | D        | Reached skill level 15 in Armour
  2035 | D        | Killed an entropy weaver
  2036 | D        | Noticed a stone giant
  2086 | D        | Killed a vault warden
  2086 | D        | Received a gift from Trog
  2098 | D        | Killed a stone giant
  2113 | D        | Noticed a vampire knight
  2122 | D        | Killed a vampire knight
  2131 | D        | Received a gift from Trog
  2138 | D        | Noticed a Tzitzimitl
  2189 | D        | Noticed a vault warden
  2203 | D        | Killed a vault warden
  2231 | D        | Noticed a frost giant
  2242 | D        | Killed a frost giant
  2242 | D        | Received a gift from Trog
  2298 | D        | Noticed an Orb Guardian
  2298 | D        | Noticed Nessos
  2309 | D        | Killed Nessos
  2321 | D        | Killed an Orb Guardian
  2323 | D        | Received a gift from Trog
  2323 | D        | Reached skill level 10 in Evocations
  2325 | D        | Noticed an Orb Guardian
  2328 | D        | Noticed a vampire knight
  2335 | D        | Killed an Orb Guardian
  2335 | D        | Received a gift from Trog
  2335 | D        | Killed a vampire knight
  2457 | D        | Noticed a deep elf master archer
  2466 | D        | Killed a deep elf master archer
  2466 | D        | Reached XP level 15. HP: 57/153 MP: 23/23
  2908 | D        | Noticed a red draconian knight
  2909 | D        | Noticed an Orb Guardian
  2950 | D        | Killed a red draconian knight
  2950 | D        | Received a gift from Trog
  2954 | D        | Received a gift from Trog
  2963 | D        | Noticed a greater mummy
  2968 | D        | Killed an Orb Guardian
  2970 | D        | Received a gift from Trog
  2977 | D        | Killed a greater mummy
  2977 | D        | Received a gift from Trog
  2977 | D        | Reached skill level 5 in Throwing
  3376 | D        | Noticed a sphinx
  3377 | D        | Noticed a sphinx
  3380 | D        | Noticed a Killer Klown
  3381 | D        | Killed a sphinx
  3385 | D        | Received a gift from Trog
  3388 | D        | Killed a sphinx
  3398 | D        | Killed a Killer Klown
  3411 | D        | Noticed a Brimstone Fiend
  3414 | D        | Received a gift from Trog
  3476 | D        | Noticed a tentacled monstrosity
  3483 | D        | Killed a tentacled monstrosity
  3483 | D        | Received a gift from Trog
  3579 | D        | Noticed Mara
  3584 | D        | Noticed emperorscorpion's illusion
  3587 | D        | Killed Mara
  3587 | D        | Received a gift from Trog
  3587 | D        | Reached skill level 27 in Fighting
  3610 | D        | Noticed Mennas
  3653 | D        | Killed Mennas
  3693 | D        | Noticed Rupert
  3714 | D        | Killed Rupert
  3775 | D        | Upgraded the game from 0.23-a0-819-g6debee6 to
                  | 0.23-a0-837-ga3e6480
  3797 | D        | Found the +5 robe of Misfortune {*Contam Harm *Corrode
                  | *Drain *Slow EV+5}
  3803 | D        | Got the +3 plate armour of Vexation {rPois rF++ Str+3
                  | Stlth-}
  3876 | D        | Noticed Louise
  3883 | D        | Killed Louise
  3954 | D        | Noticed a nagaraja
  3954 | D        | Noticed a nagaraja
  3955 | D        | Noticed a nagaraja
  3956 | D        | Noticed a nagaraja
  3958 | D        | Killed a nagaraja
  3958 | D        | Received a gift from Trog
  3958 | D        | Reached skill level 15 in Evocations
  3958 | D        | Gained mutation: Your flesh is heat resistant. (rF+)
                  | [demonic ancestry]
  3958 | D        | Reached XP level 16. HP: 159/165 MP: 27/27
  3977 | D        | Received a gift from Trog
  4006 | D        | Received a gift from Trog
  4009 | D        | Got a serpentine rune of Zot
  4038 | D        | Noticed Ilsuiw
  4045 | D        | Received a gift from Trog
  4084 | D        | Killed Ilsuiw
  4088 | D        | Received a gift from Trog
  4297 | D        | Got a barnacled rune of Zot
  4340 | D        | Received a gift from Trog
  4357 | D        | Received a gift from Trog
  4408 | D        | Got a decaying rune of Zot
  4428 | D        | Received a gift from Trog
  4437 | D        | Received a gift from Trog
  4455 | D        | Received a gift from Trog
  4477 | D        | Received a gift from Trog
  4486 | D        | Got a gossamer rune of Zot
  4544 | D        | Noticed Nikola
  4557 | D        | Killed Nikola
  4623 | D        | Received a gift from Trog
  4653 | D        | Received a gift from Trog
  4656 | D        | Reached XP level 17. HP: 172/172 MP: 31/31
  4666 | D        | Received a gift from Trog
  4734 | D        | Received a gift from Trog
  4761 | D        | Received a gift from Trog
  4783 | D        | Received a gift from Trog
  4814 | D        | Received a gift from Trog
  4949 | D        | Noticed a lich
  4953 | D        | Killed a lich
  4954 | D        | Received a gift from Trog
  4984 | D        | Reached skill level 15 in Dodging
  5075 | D        | Got a silver rune of Zot
  5146 | D        | Noticed Frederick
  5156 | D        | Killed Frederick
  5197 | D        | Noticed Boris
  5208 | D        | Killed Boris
  5208 | D        | Received a gift from Trog
  5240 | D        | Got the amulet "Fiebran" {Spirit +Blink Dex+6 Stlth+}
  5244 | D        | Got the ring "Zich" {Fire rElec rN+ Dex+2}
  5253 | D        | Got the ring "Jaennuisk" {Fire +Inv rPois SInv}
  5255 | D        | Got the ring of Butewk {Ice rN+}
  5382 | D        | Noticed Jory
  5402 | D        | Killed Jory
  5470 | D        | Reached skill level 27 in Armour
  5471 | D        | Noticed a caustic shrike
  5472 | D        | Received a gift from Trog
  5483 | D        | Killed a caustic shrike
  5534 | D        | Noticed a golden dragon
  5536 | D        | Received a gift from Trog
  5538 | D        | Received a gift from Trog
  5541 | D        | Killed a golden dragon
  5541 | D        | Reached skill level 27 in Evocations
  5547 | D        | Reached XP level 18. HP: 180/180 MP: 35/35
  5553 | D        | Received a gift from Trog
  5609 | D        | Noticed a golden dragon
  5613 | D        | Received a gift from Trog
  5618 | D        | Killed a golden dragon
  5639 | D        | Noticed a tentacled monstrosity
  5640 | D        | Noticed a golden dragon
  5643 | D        | Received a gift from Trog
  5650 | D        | Killed a tentacled monstrosity
  5654 | D        | Killed a golden dragon
  5662 | D        | Received a gift from Trog
  5730 | D        | Received a gift from Trog
  5737 | D        | Noticed a golden dragon
  5745 | D        | Received a gift from Trog
  5751 | D        | Killed a golden dragon
  5756 | D        | Received a gift from Trog
  5790 | D        | Noticed a tentacled monstrosity
  5803 | D        | Killed a tentacled monstrosity
  5822 | D        | Received a gift from Trog
  5822 | D        | Reached skill level 5 in Shields
  5945 | D        | Noticed an Orb Guardian
  5945 | D        | Noticed an Orb Guardian
  5945 | D        | Noticed an Orb Guardian
  5945 | D        | Noticed an Orb Guardian
  5945 | D        | Noticed an Orb Guardian
  5951 | D        | Killed an Orb Guardian
  5954 | D        | Killed an Orb Guardian
  5957 | D        | Killed an Orb Guardian
  5958 | D        | Killed an Orb Guardian
  5960 | D        | Killed an Orb Guardian
  5960 | D        | Reached skill level 10 in Stealth
  5963 | D        | Noticed an Orb Guardian
  5963 | D        | Noticed an Orb Guardian
  5967 | D        | Noticed an Orb Guardian
  5970 | D        | Noticed an Orb Guardian
  5971 | D        | Killed an Orb Guardian
  5971 | D        | Received a gift from Trog
  5980 | D        | Killed an Orb Guardian
  5999 | D        | Killed an Orb Guardian
  6002 | D        | Killed an Orb Guardian
  6002 | D        | Reached skill level 10 in Shields
  6002 | D        | Gained mutation: You are surrounded by a strong repulsion
                  | field. (EV +4, RMsl) [demonic ancestry]
  6002 | D        | Reached XP level 19. HP: 187/187 MP: 30/36
  6030 | D        | Received a gift from Trog
  6033 | D        | Received a gift from Trog
  6098 | D        | Noticed an ancient lich
  6105 | D        | Killed an ancient lich
  6152 | D        | Noticed an orb of fire
  6160 | D        | Gained mutation: You are weak. (Str -2) [an orb of fire]
  6161 | D        | Killed an orb of fire
  6161 | D        | Reached skill level 15 in Stealth
  6186 | D        | Noticed an electric golem
  6203 | D        | Killed an electric golem
  6337 | D        | Noticed an electric golem
  6337 | D        | Noticed an electric golem
  6337 | D        | Noticed an electric golem
  6397 | D        | Killed an electric golem
  6397 | D        | Received a gift from Trog
  6403 | D        | Killed an electric golem
  6619 | D        | Killed an electric golem
  6619 | D        | Received a gift from Trog
  6696 | D        | Noticed an electric golem
  6697 | D        | Noticed a golden dragon
  6710 | D        | Killed an electric golem
  6789 | D        | Noticed an orb of fire
  6792 | D        | Noticed an orb of fire
  6798 | D        | Gained mutation: Scrolls take you a little longer to read.
                  | [an orb of fire]
  6807 | D        | Killed an orb of fire
  6821 | D        | Killed an orb of fire
  6821 | D        | Reached skill level 15 in Shields
  6832 | D        | Killed a golden dragon
  6832 | D        | Received a gift from Trog
  6892 | D        | Reached skill level 27 in Polearms
  6974 | D        | Received a gift from Trog
  7049 | D        | Gained mutation: You are significantly more attuned to the
                  | shadows. [demonic ancestry]
  7049 | D        | Reached XP level 20. HP: 186/195 MP: 33/37
  7081 | D        | Received a gift from Trog
  7237 | D        | Noticed an ancient lich
  7273 | D        | Killed an ancient lich
  7273 | D        | Received a gift from Trog
  7292 | D        | Received a gift from Trog
  7318 | D        | Received a gift from Trog
  7319 | D        | Upgraded the game from 0.23-a0-837-ga3e6480 to
                  | 0.23-a0-890-gc183402
  7433 | D        | Received a gift from Trog
  7443 | D        | Received a gift from Trog
  7505 | D        | Received a gift from Trog
  7505 | D        | Received a gift from Trog
  7611 | D        | Got an elven rune of Zot
  7639 | D        | Received a gift from Trog
  7773 | D        | Noticed the Royal Jelly
  7778 | D        | Reached skill level 10 in Throwing
  7778 | D        | Received a gift from Trog
  7786 | D        | Killed the Royal Jelly
  7786 | D        | Received a gift from Trog
  7786 | D        | Reached skill level 27 in Stealth
  7921 | D        | Got a slimy rune of Zot
  8028 | D        | Paralysed by a sphinx for 6 turns
  8037 | D        | Received a gift from Trog
  8056 | D        | Received a gift from Trog
  8072 | D        | Received a gift from Trog
  8082 | D        | Received a gift from Trog
  8082 | D        | Reached skill level 15 in Throwing
  8082 | D        | Gained mutation: You are completely attuned to the shadows.
                  | [demonic ancestry]
  8082 | D        | Reached XP level 21. HP: 202/202 MP: 29/38
  8123 | D        | Received a gift from Trog
  8465 | D        | Received a gift from Trog
  8466 | D        | Noticed a greater mummy
  8470 | D        | Killed a greater mummy
  8475 | D        | Noticed a greater mummy
  8493 | D        | Killed a greater mummy
  8913 | D        | Noticed a greater mummy
  8973 | D        | Killed a greater mummy
  8973 | D        | Received a gift from Trog
  9197 | D        | Noticed a greater mummy
  9199 | D        | Noticed a greater mummy
  9204 | D        | Killed a greater mummy
  9215 | D        | Killed a greater mummy
  9215 | D        | Received a gift from Trog
  9217 | D        | Received a gift from Trog
  9432 | D        | Got a golden rune of Zot
  9441 | D        | Reached skill level 27 in Shields
  9450 | D        | Received a gift from Trog
  9456 | D        | Received a gift from Trog
  9464 | D        | Received a gift from Trog
  9491 | D        | Got an abyssal rune of Zot
  9617 | D        | Noticed Geryon
  9654 | D        | Killed Geryon
  9681 | D        | Noticed Mnoleg
  9685 | D        | Noticed Gloorx Vloq
  9696 | D        | Killed Mnoleg
  9702 | D        | HP: 14/282 [poisoned by Gloorx Vloq (dark miasma)]
  9705 | D        | HP: 1/282 [Executioner[Gloorx Vloq] (8)]
  9706 | D        | Succumbed to Gloorx Vloq's dark miasma

Vault maps used:
D:        linesprint

Skill      XL: |  1  2  3  4  5  6  7  8  9 10 11 12 13 14 15 16 17 18 19 20 21 |
---------------+----------------------------------------------------------------+-----
Polearms       | 4 7 8 10 13 14 16 17 19 20 22 27 | 27.0
Armour         | 2 3 4 5 6 7 8 11 14 16 20 24 27 | 27.0
Dodging        | 2 3 4 5 6 8 9 10 11 13 16 24 25 | 25.0
Fighting       | 4 6 7 8 10 12 13 15 18 21 24 27 | 27.0
Stealth        | 1 2 5 11 20 27 | 27.0
Evocations     | 1 2 4 11 15 20 27 | 27.0
Throwing       | 4 5 6 15 21 | 21.6
Shields        | 10 17 24 27 | 27.0

Action                   |  1- 3 |  4- 6 |  7- 9 | 10-12 | 13-15 | 16-18 | 19-21 || total
-------------------------+-------+-------+-------+-------+-------+-------+-------++-------
Melee: Spear             |    29 |    15 |       |       |       |       |       ||    44
       Halberd           |       |    12 |    65 |    10 |       |       |       ||    87
       Glaive            |       |       |    21 |   265 |   310 |   512 |   500 ||  1608
       Bardiche          |       |       |       |       |       |       |    21 ||    21
Throw: Javelin           |       |       |       |       |     5 |       |    18 ||    23
Invok: Berserk           |     2 |     1 |     2 |     5 |     7 |     1 |     3 ||    21
       Trog's Hand       |     1 |     3 |     2 |     3 |     9 |     2 |     5 ||    25
       Brothers in Arms  |       |       |       |       |     7 |     1 |     1 ||     9
 Abil: Evoke Invisibilit |       |       |       |       |       |     1 |       ||     1
Evoke: Wand              |       |       |     4 |     1 |       |     1 |       ||     6
       Lightning rod     |       |       |       |       |    14 |    36 |    22 ||    72
       Lamp of fire      |       |       |       |       |     7 |    25 |    15 ||    47
  Use: Potion            |       |     1 |       |       |     1 |     1 |       ||     3
       Scroll            |       |       |       |     4 |     2 |    12 |       ||    18
 Stab: Invisible         |       |       |       |     3 |       |     6 |       ||     9
       Distracted        |       |       |       |       |     4 |     5 |     3 ||    12
       Sleeping          |       |       |       |       |       |       |    16 ||    16
  Eat: Chunk             |       |       |     5 |     7 |    14 |    10 |     8 ||    44
       Ration            |       |       |       |     2 |     2 |       |     3 ||     7
Armor: Animal skin       |     3 |     1 |       |       |       |       |       ||     4
       Chain mail        |       |     4 |    21 |    19 |       |       |       ||    44
       Plate armour      |       |       |       |     9 |     3 |   166 |       ||   178
       Storm dragon scal |       |       |       |    30 |    54 |       |       ||    84
       Gold dragon scale |       |       |       |       |       |    44 |   264 ||   308
Dodge: Dodged            |    13 |     9 |    39 |    79 |    85 |   252 |   435 ||   912
       Deflected         |       |       |       |       |       |       |    12 ||    12

Table legend:
 A = Non-vault XP
 B = Vault XP
 C = Vault XP percentage of total XP
 D = Non-vault monster count
 E = Vault monster count
 F = Vault count percentage of total count
                 A         B        C        D         E       F
            +---------+---------+-------+---------+---------+-------
      Total |       0 |  643426 | 100.0 |       0 |     506 | 100.0
            +---------+---------+-------+---------+---------+-------
          D |       0 |  643426 | 100.0 |       0 |     506 | 100.0
            +---------+---------+-------+---------+---------+-------
